 Dungeon Crawl Stone Soup version 0.30-a0-1160-g6e42c06551 (webtiles) character file.

Game seed: 8487844558623617523

112 qeuew the Ruffian (level 4, -2/45 HPs)
             Began as a Troll Berserker on Apr 25, 2023.
             Was a Believer of Trog.
             Frozen to death by an endoplasm (3 damage)
             ... on level 2 of the Dungeon.
             The game lasted 00:01:12 (850 turns).

qeuew the Ruffian (Troll Berserker)                  Turns: 850, Time: 00:01:12

Health: -2/45      AC: -4    Str: 25    XL:     4   Next: 64%
Magic:  3/3        EV: 10    Int:  3    God:    Trog [**....]
Gold:   93         SH:  0    Dex: 11    Spells: 3/3 levels left

rFire   . .          .
                       - Unarmed
rCold   . . .        (no shield)
rNeg    . . .        a - +0 animal skin
rPois   .            (helmet restricted)
rElec   .            (no cloak)
rCorr   .            (gloves unavailable)
SInv    .            (boots unavailable)
Will    .....        (no amulet)
Stlth   +            (no ring)
HPRegen 1.07/turn    (no ring)
MPRegen 0.08/turn

%: no passive effects
@: corroded
A: large, unfitting armour, claws 3, regeneration 1, shaggy fur 1, tough skin 1
a: Renounce Religion, Berserk, Trog's Hand


You were on level 2 of the Dungeon.
You worshipped Trog.
Trog was pleased with you.
You visited 1 branch of the dungeon, and saw 2 of its levels.

You collected 93 gold pieces.

Inventory:

Armour
 a - a +0 animal skin (worn)
Jewellery
 f - a ring of protection from fire
Scrolls
 b - a scroll of brand weapon
 d - 3 scrolls of identify
Potions
 e - a potion of curing {unknown}


   Skills:
 + Level 3.1 Fighting
 + Level 3.0 Dodging
 * Level 4.4 Unarmed Combat


You had 3 spell levels left.
You didn't know any spells.
Your spell library was empty.

Dungeon Overview and Level Annotations

Branches:
Dungeon (2/15)

Altars:


Innate Abilities, Weirdness & Mutations

You are too large for most types of armour.
You have claws for hands.
Your natural rate of healing is unusually fast.
You are covered in fur. (AC +1)
You have tough skin. (AC +1)


Message History

You are too injured to fight recklessly!
You are too injured to fight recklessly!
You are too injured to fight recklessly!
You are too injured to fight recklessly!
You are too injured to fight recklessly!
Unknown command.
You scratch the jelly.
Your claws burn!
* * * LOW HITPOINT WARNING * * *
The jelly is heavily wounded.
The endoplasm freezes you.
You are frozen.
* * * LOW HITPOINT WARNING * * *
The jelly closely misses you. The endoplasm freezes you.
You are frozen.
* * * LOW HITPOINT WARNING * * *
The endoplasm hits you.
* * * LOW HITPOINT WARNING * * *
You feel much better. The endoplasm hits you. x2
The endoplasm freezes you.
You are frozen.
The jelly barely misses you.
The endoplasm hits the fungus.
The fungus begins to die.
You scratch the jelly.
Your claws burn!
* * * LOW HITPOINT WARNING * * *
The jelly is severely wounded.
The endoplasm closely misses you. The endoplasm hits you.
* * * LOW HITPOINT WARNING * * *
The endoplasm barely misses you. The jelly misses you.
The endoplasm hits the fungus.
You scratch the jelly but do no damage. The acid corrodes you!
Your claws burn!
* * * LOW HITPOINT WARNING * * *
The jelly is severely wounded.
The endoplasm freezes you.
You are frozen.
* * * LOW HITPOINT WARNING * * *
The endoplasm hits you.
* * * LOW HITPOINT WARNING * * *
The endoplasm freezes you.
You are frozen.
You die...

##########.#
#.......#
.........#.#
#.......#
.........#.#
#.......#
.........#.#
#....####
........†#.#
#....'..##
...........#
########.#
######.....##
##...)..##
#......###'########
#......##.P@JJ..÷.#
#......##.JJJ...P.#
#......##.PJ..P.P.#
#......##...P.....#
#......##......÷..#
######.##÷P.....P:#
#.############ #.#
#.#


You could see a jelly and 5 endoplasms.

Vanquished Creatures
  2 jellies (D:2)
  2 bats
  4 endoplasms
  3 giant cockroaches (D:1)
  3 goblins
  5 hobgoblins
  7 jackals (D:1)
  9 kobolds
  A quokka (D:1)
  5 ball pythons
  A frilled lizard (D:1)
  5 rats
47 creatures vanquished.

Vanquished Creatures (others)
  A fungus (D:2)
  7 toadstools (D:2)
8 creatures vanquished.

Grand Total: 55 creatures vanquished

Notes
Turn   | Place    | Note
-------+----------+-------------------------------------------
     0 | D:1      | qeuew the Troll Berserker began the quest for the Orb.
     0 | D:1      | Reached XP level 1. HP: 22/22 MP: 0/0
    55 | D:1      | Reached XP level 2. HP: 28/29 MP: 1/1
   320 | D:1      | Reached ** piety under Trog
   321 | D:1      | Reached XP level 3. HP: 35/36 MP: 2/2
   841 | D:2      | Reached skill level 4 in Unarmed Combat
   841 | D:2      | Reached XP level 4. HP: 45/45 MP: 3/3
   847 | D:2      | HP: 1/45 [endoplasm (2)]
   850 | D:2      | Frozen to death by an endoplasm

Illustrated notes

Levels and vault maps discovered:
D:1:      wheals_arrival_shading, layout_basic
D:2:      cheibrodos_fertilizer, layout_basic, serial_shops, shop,
          minmay_crystal_water

Skill      XL: |  1  2  3  4 |
---------------+-------------+-----
Fighting       | 3 |  3.1
Unarmed Combat | 4 |  4.4
Dodging        | 3 |  3.0

Action                     |  1- 3 |  4- 6 || total
---------------------------+-------+-------++-------
  Melee: Unarmed           |    95 |     8 ||   103
         Punch             |     1 |       ||     1
    Use: Scroll            |     5 |       ||     5
         Potion            |     1 |     1 ||     2
 Armour: Animal skin       |    43 |     1 ||    44
  Dodge: Dodged            |    51 |     6 ||    57

Table legend: (Time is in decaauts)
 A = Elapsed time spent in this place.
 B = Non-inter-level travel time spent in this place.
 C = Inter-level travel time spent in this place.
 D = Time resting spent in this place.
 E = Time spent auto-exploring this place.
 F = Levels seen in this place.
 G = Mean time per level.
                   A        B        C        D        E       F      G
               +--------+--------+--------+--------+--------+-----+--------+
         Total |    842 |    822 |     20 |      0 |    625 |   2 |  421.0 |
       Dungeon |    842 |    822 |     20 |      0 |    625 |   2 |  421.0 |
               +--------+--------+--------+--------+--------+-----+--------+

Top non-repeatable levels by time:
     D:1: 604 daAuts
     D:2: 238 daAuts
